 Dungeon Crawl Stone Soup version 0.27.1-3-gb3d3a73c9e (webtiles) character file.

Game seed: 8425706071267699890

704 ABBCCCDDDD the Sneak (level 7, -3/46 HPs)
             Began as an Octopode Hedge Wizard on Oct 19, 2021.
             Slain by a killer bee (8 damage)
             ... on level 5 of the Dungeon.
             The game lasted 00:09:32 (8067 turns).

ABBCCCDDDD the Sneak (Octopode Hedge Wizard)        Turns: 8067, Time: 00:09:32

Health: -3/46      AC:  1    Str: 15    XL:     7   Next: 66%
Magic:  6/12       EV: 13    Int: 24    God:
Gold:   206        SH:  0    Dex: 14    Spells: 5/13 levels left

rFire    . . .     SeeInvis .   a - +0 dagger
rCold    . . .     Faith    .   (no shield)
rNeg     . . .     Spirit   .   b - +0 hat
rPois    .         Reflect  .   (no amulet)
rElec    .         Harm     .   g - +6 ring of strength
rCorr    .         Rampage  .   s - +6 ring of intelligence
Will     .....                  (no ring)
Stlth    ++++......             (no ring)
HPRegen  0.15/turn              (no ring)
MPRegen  0.13/turn              (no ring)
                                (no ring)
                                (no ring)

@: mighty, brilliant, lethally poisoned (-3 -> -5), hasted, very quick
A: almost no armour, amphibious, 8 rings, camouflage 1, gelatinous body 1,
(nimble swimmer 1), tentacles, agile 1, evolution 1
a: no special abilities


You were on level 5 of the Dungeon.
You visited 1 branch of the dungeon, and saw 6 of its levels.

You collected 206 gold pieces.

Inventory:

Hand Weapons
 a - a +0 dagger (weapon)
Missiles
 p - 31 poisoned darts (quivered)
Armour
 b - a +0 hat (worn)
Magical Staves
 u - a staff of conjuration
Jewellery
 g - a +6 ring of strength (left tentacle)
 s - a +6 ring of intelligence (right tentacle)
Wands
 o - a wand of acid (12)
Scrolls
 c - 2 scrolls of brand weapon {unknown}
 d - 4 scrolls of enchant armour {unknown}
 e - a scroll of identify {unknown}
 f - 2 scrolls of acquirement {unknown}
 h - 4 scrolls of teleportation {unknown}
 k - 2 scrolls of fog {unknown}
 l - 2 scrolls of amnesia {unknown}
 v - 2 scrolls of blinking {unknown}
Potions
 j - a potion of haste
 n - a potion of curing {unknown}
 q - a potion of might
 r - a potion of ambrosia {unknown}
 t - a potion of invisibility {unknown}


   Skills:
 + Level 3.4 Fighting
 - Level 2.0 Dodging
 - Level 6.0 Stealth
 + Level 3.5 Spellcasting
 + Level 4.2 Conjurations
 - Level 1.0 Summonings
 - Level 1.0 Translocations
 + Level 1.6 Air Magic
 + Level 2.0 Poison Magic
 + Level 2.7 Evocations


You had 5 spell levels left.
You knew the following spells:

 Your Spells              Type           Power      Damage    Failure   Level
a - Magic Dart            Conj           100%       1d8       1%          1
b - Searing Ray           Conj           72%        3d6       2%          2
c - Blink                 Tloc           N/A        N/A       11%         2
d - Mephitic Cloud        Conj/Pois/Air  25%        N/A       11%         3

Your spell library contained the following spells:

 Spells                   Type           Power      Damage    Failure   Level
 Apportation              Tloc           26%        N/A       7%          1
 Call Imp                 Summ           13%        N/A       11%         2
 Conjure Flame            Conj/Fire      21%        6-21      13%         3
 Slow                     Hex            6%         N/A       16%         2
 Fulminant Prism          Conj/Hex       10%        3d9       41%         4
 Alistair's Intoxication  Tmut/Pois      8%         N/A       88%         5
 Invisibility             Hex            3%         N/A       100%        6


Dungeon Overview and Level Annotations

Branches:
Dungeon (6/15)
 Temple: D:4-7

Altars:
Ashenzari
Cheibriados
Dithmenos
Elyvilon
Hepliaklqana
Nemelex Xobeh
Uskayaw

Annotations:
D:2 1 runed translucent door, Crazy Yiuf, Terence
D:5 1 transporter


Innate Abilities, Weirdness & Mutations

You cannot wear most types of armour.
You are amphibious.
You can wear up to eight rings at the same time.
Your skin changes colour to match your surroundings (Stealth+).
Your rubbery body absorbs attacks. (AC +1, EV +1)
((You are camouflaged near water. (Stealth+)))
You have tentacles for arms and can constrict up to eight enemies at once.
You are agile. (Dex +2)
You evolve.


Message History

The killer bee stings you.
You are poisoned.
The killer bee poisons you!
Casting: Magic Dart (safe; 1% risk of failure)
Confirm with . or Enter, or press ? or * to list all spells.
Aiming: Searing Ray (safe; 2% risk of failure)
Press: ? - help, Shift-Dir - straight line, f - killer bee
Aim: a killer bee (moderately wounded, 58% to hit)
The searing ray hits the killer bee!
The killer bee is almost dead.
The searing ray misses the killer bee. (Press . to maintain the ray.)
You feel sick. The killer bee closely misses you. x2
The searing ray misses the killer bee.
The searing ray hits the killer bee!
The killer bee is heavily wounded.
You feel sick. The killer bee stings you. The killer bee stings you!
* * * LOW HITPOINT WARNING * * *
It was a potion of haste.
You feel yourself speed up.
You feel sick. The killer bee completely misses you. The killer bee stings you.
* * * LOW HITPOINT WARNING * * *
Unknown command.
It was a potion of might.
You feel very mighty all of a sudden.
You feel sick. The killer bee closely misses you.
The killer bee barely misses you.
Casting: Searing Ray (safe; 2% risk of failure)
Confirm with . or Enter, or press ? or * to list all spells.
Okay, then.
Casting: Searing Ray (safe; 2% risk of failure)
Confirm with . or Enter, or press ? or * to list all spells.
Okay, then.
Unknown command.
It was a potion of brilliance.
You feel clever all of a sudden. The killer bee closely misses you.
It was a potion of mutation.
You feel extremely strange.
You feel agile.
You feel nature experimenting on you.
Don't worry, failures die fast.
You feel sick. The killer bee stings you!
You die...

#.#.# #.#####.....###....#
#.#.# #.# #)###.#
#.#.####### #.#.# #.#
#.###.###>#.##.##.. #.#.#
#.# #.##......#.##.##..
#.#.# #.#
#.##..#####.##.##.. .)..#
##.#####........##.##.##..
#.###
#....)....#..##.##.#.§##..
###
###.#######.#..##.##§≈.§≈#..
.# #...# #@#..##.##§#'#§#..
.#####.#.#
#y#..##.##≈#_#§#.#
.'.......#
#y...##.##§#'#≈#.#
.#####.#.#
#.#.###.##§§.≈≈#(# .# #.#.#
#..>.##.####.###.. ##
#.#.#######.....#)###..#####
#
#.................#..)......
#
##......#.........#.########
## #.#.#####.......##.#


You could see 2 killer bees.

Levels and vault maps discovered:
D:1:      scummos_arrival_simple_fountains, layout_basic,
          shapermc_ecumenical_altar_totnotflames, skrybe_limestone_x,
          grunt_decor_arrowhead, minmay_stone_trees_small
D:2:      layout_rooms, minivault_26, uniq_terence, uniq_crazy_yiuf_cottage,
          uniq_jessica
D:3:      layout_basic, lemuel_tele_altar, gammafunk_temple_overflow_claw,
          portal_sewer_entry_a, minmay_three_crescents
D:4:      layout_loops_cross, hangedman_decor_slide_cut
D:5:      layout_loops_ring, kennysheep_little_box, grunt_nemelex_the_gamble,
          kennysheep_mini_moat
D:6:      layout_basic, mainiacjoe_overflow_concentric_impassable, uniq_sigmund,
          uniq_pikel

Notes
Turn   | Place    | Note
-------+----------+-------------------------------------------
     0 | D:1      | ABBCCCDDDD the Octopode Hedge Wizard began the quest for
                  | the Orb.
     0 | D:1      | Reached XP level 1. HP: 11/11 MP: 4/4
   245 | D:1      | Reached skill level 3 in Stealth
   358 | D:1      | Reached XP level 2. HP: 18/18 MP: 1/6
   644 | D:1      | Reached skill level 1 in Fighting
  1189 | D:1      | Found a faded altar of an unknown god.
  1751 | D:2      | Reached XP level 3. HP: 23/23 MP: 7/7
  1761 | D:2      | Noticed Terence
  2254 | D:2      | Learned a level 2 spell: Searing Ray
  2257 | D:2      | Learned a level 2 spell: Blink
  2261 | D:2      | Learned a level 3 spell: Mephitic Cloud
  2303 | D:2      | Noticed Jessica
  2313 | D:2      | Killed Jessica
  2314 | D:2      | Reached skill level 4 in Stealth
  2314 | D:2      | Reached XP level 4. HP: 10/29 MP: 2/8
  3223 | D:2      | Found a runed translucent door.
  3224 | D:2      | Noticed Crazy Yiuf
  3592 | D:3      | Found a white marble altar of Elyvilon.
  3592 | D:3      | Found a snail-covered altar of Cheibriados.
  3593 | D:3      | Found a shadowy altar of Dithmenos.
  3848 | D:3      | Found a hazy altar of Hepliaklqana.
  4537 | D:3      | Reached XP level 5. HP: 34/34 MP: 6/9
  5197 | D:4      | Reached skill level 1 in Evocations
  5879 | D:4      | Noticed an ogre
  5886 | D:4      | Killed an ogre
  5887 | D:4      | Reached skill level 5 in Stealth
  5887 | D:4      | Reached XP level 6. HP: 41/41 MP: 4/10
  6427 | D:5      | Entered Level 5 of the Dungeon
  6797 | D:5      | Reached skill level 1 in Poison Magic
  6945 | D:5      | Noticed a sky beast
  6953 | D:5      | Killed a sky beast
  6954 | D:5      | Reached skill level 1 in Air Magic
  6954 | D:5      | Reached XP level 7. HP: 39/46 MP: 2/11
  7532 | D:5      | Found a hide-covered altar of Uskayaw.
  7564 | D:5      | Found a sparkling altar of Nemelex Xobeh.
  7564 | D:5      | Found a transporter.
  7564 | D:5      | Noticed a wyvern
  7565 | D:5      | Noticed a wraith
  7719 | D:5      | Found a broken altar of Ashenzari.
  8038 | D:6      | Reached skill level 6 in Stealth
  8067 | D:5      | Gained mutation: You are agile. (Dex +2) [potion of
                  | mutation]
  8067 | D:5      | Gained mutation: You evolve. [potion of mutation]
  8067 | D:5      | Slain by a killer bee

Table legend: (Time is in decaauts)
 A = Elapsed time spent in this place.
 B = Non-inter-level travel time spent in this place.
 C = Inter-level travel time spent in this place.
 D = Time resting spent in this place.
 E = Time spent auto-exploring this place.
 F = Levels seen in this place.
 G = Mean time per level.
                   A        B        C        D        E       F      G
               +--------+--------+--------+--------+--------+-----+--------+
         Total |   8073 |   7754 |    319 |   4011 |   2872 |   6 | 1345.5 |
       Dungeon |   8073 |   7754 |    319 |   4011 |   2872 |   6 | 1345.5 |
               +--------+--------+--------+--------+--------+-----+--------+

Top non-repeatable levels by time:
     D:1: 2363 daAuts
     D:5: 1595 daAuts
     D:3: 1528 daAuts
     D:4: 1287 daAuts
     D:2: 1254 daAuts
     D:6: 44 daAuts

Table legend:
 A = Kills in this place as a percentage of kills in entire the game.
 B = Kills by you in this place as a percentage of kills by you in the entire game.
 C = Kills by friends in this place as a percentage of kills by friends in the entire game.
 D = Other kills in this place as a percentage of other kills in the entire game.
 E = Experience gained in this place as a percentage of experience gained in the entire game.
 F = Experience gained in this place divided by the number of levels of this place that you have seen.
                   A       B       C       D       E      F
               +-------+-------+-------+-------+-------+----------------------
         Total | 100.0 | 100.0 |   N/A |   N/A | 100.0 | 167.7
       Dungeon | 100.0 | 100.0 |   N/A |   N/A | 100.0 | 167.7
               +-------+-------+-------+-------+-------+----------------------

Action                   |  1- 3 |  4- 6 |  7- 9 || total
-------------------------+-------+-------+-------++-------
Melee: Dagger            |    33 |    15 |       ||    48
       Tentacles         |     5 |     4 |       ||     9
       Constrict         |     7 |     5 |       ||    12
Throw: Dart              |       |     7 |     2 ||     9
 Cast: Magic Dart        |    74 |    84 |     9 ||   167
       Searing Ray       |       |    17 |    11 ||    28
  Use: Potion            |       |       |     4 ||     4
 Stab: Sleeping          |     2 |     1 |       ||     3
       Distracted        |     1 |       |       ||     1
Armor: Skin              |     4 |       |     2 ||     6
Dodge: Dodged            |    24 |    16 |    23 ||    63

Vanquished Creatures
  A sky beast (D:5)
  2 ogres
  A scorpion (D:5)
  A water moccasin skeleton (D:4)
  2 killer bees (D:6)
  3 bullfrog zombies (D:5)
  Jessica (D:2)
  2 adders (D:2)
  A river rat (D:3)
  2 adder skeletons
  5 worms
  2 dart slugs
  4 orcs
  5 endoplasms
  A giant cockroach (D:3)
  7 goblins
  9 hobgoblins
  2 jackals (D:2)
  6 quokkas
  A ball python (D:3)
  5 bats
  2 frilled lizards (D:2)
  14 kobolds
  4 rats (D:1)
83 creatures vanquished.
